 Dungeon Crawl Stone Soup version 0.31-a0-851-g7ff8af7976 (webtiles) character file.

Game seed: 3375389383372146424

216 Schnaeble the Cudgeller (level 5, 0/48 HPs)
             Began as a Minotaur Monk on Oct 5, 2023.
             Was a Plaything of Xom.
             Slain by a scorpion (6 damage)
             ... on level 4 of the Dungeon.
             The game lasted 00:03:21 (2470 turns).

Schnaeble the Cudgeller (Minotaur Monk)             Turns: 2470, Time: 00:03:22

Health: 0/48       AC:  4    Str: 18    XL:     5   Next: 61%
Magic:  4/4        EV: 12    Int:  7    God:    Xom [..*...]
Gold:   156        SH:  0    Dex: 12    Spells: 4/4 levels left

rFire   . . .        a - +0 mace
rCold   . . .        d - orb {light}
rNeg    . . .        b - +0 robe
rPois   .            (helmet restricted)
rElec   .            (no cloak)
rCorr   .            (no gloves)
SInv    .            (no boots)
Will    .....        (no amulet)
Stlth   +            (no ring)
HPRegen 0.28/turn    (no ring)
MPRegen 0.09/turn

%: no passive effects
@: mighty, lethally poisoned (0 -> -1), glowing
A: horns 2, retaliatory headbutt, iridescent scales 1
a: Renounce Religion


You were on level 4 of the Dungeon.
You worshipped Xom.
You were a toy of Xom.
You visited 1 branch of the dungeon, and saw 4 of its levels.

You collected 156 gold pieces.

Inventory:

Hand Weapons
 a - a +0 mace (weapon)
Armour
 b - a +0 robe (worn)
 d - an orb of light (worn)
Jewellery
 o - a +6 ring of strength
 r - a ring of flight
 v - a ring of willpower
 w - a ring of positive energy
Scrolls
 f - a scroll of revelation {unknown}
 h - 2 scrolls of identify {unknown}
 j - a scroll of enchant weapon {unknown}
 k - 2 scrolls of poison {unknown}
 m - a scroll of teleportation {unknown}
 n - a scroll of enchant armour {unknown}
 t - a scroll of immolation {unknown}
Potions
 e - a potion of brilliance {unknown}
 g - 3 potions of might
 i - a potion of resistance {unknown}
 l - a potion of mutation
 p - a potion of magic {unknown}
 q - 2 potions of enlightenment {unknown}
 s - 2 potions of invisibility {unknown}
 u - a potion of haste {unknown}


   Skills:
 + Level 5.5 Fighting
 + Level 6.3 Maces & Flails
 - Level 3.3 Dodging
 + Level 0.5 Stealth


You had 4 spell levels left.
You didn't know any spells.
Your spell library was empty.

Dungeon Overview and Level Annotations

Branches:
Dungeon (4/15)
 Temple: D:4-7

Altars:
Ashenzari
Trog
Vehumet
Xom

Shops:
D:1 :


Innate Abilities, Weirdness & Mutations

You have a pair of horns on your head.
You reflexively headbutt those who attack you in melee.
You are partially covered in iridescent scales. (AC +2)


Message History

The scorpion poisons you!
You feel very sick.
You feel sick.
You are confused.
You feel invigorated.
You feel sick. The scorpion closely misses you.
The orc hits you but does no damage.
You feel sick. The scorpion misses you.
You bump into the rock wall.
You feel sick. The scorpion stings you.
* * * LOW HITPOINT WARNING * * *
You are more poisoned.
The scorpion poisons you! The orc hits you with a +0 dagger.
* * * LOW HITPOINT WARNING * * *
* * * LOW HITPOINT WARNING * * *
You feel very sick.
It was a potion of might.
You feel very mighty all of a sudden.
Xom roars with laughter!
You feel very sick. The scorpion stings you.
* * * LOW HITPOINT WARNING * * *
The orc hits you with a +0 dagger.
* * * LOW HITPOINT WARNING * * *
It was a potion of mutation.
You feel extremely strange.
Iridescent scales grow over part of your body.
You feel less invigorated.
You feel less confused.
You feel sick. The scorpion barely misses you.
The orc hits you but does no damage.
You feel sick. The orc attacks as it pursues you!
The orc hits you but does no damage. The scorpion barely misses you.
You furiously retaliate!
You headbutt the scorpion.
You feel sick. The scorpion attacks as it pursues you! The scorpion stings you.
* * * LOW HITPOINT WARNING * * *
The orc attacks as it pursues you! The orc hits you but does no damage.
You feel sick.
You feel sick.
You feel sick. The scorpion attacks as it pursues you!
The scorpion barely misses you.
You feel sick. The scorpion attacks as it pursues you! The scorpion stings you.
You die...

#...#.#.# .....# #...#.#.#
.....# #...#.#.# .....#
#...#.#.# .....# #.......#
.....# #...#.#### ## .....#
#........# ...
.....#############..##.#
##.#
...........Z...s@....#.#
....
.............o####.....#####
#..
..............'..#.........#
..............##.#####...#.#
..............##'#.........#
#+############........##...#
#.. #........##...# #..
#........##...####..
###+#+###........#..


You could see a scorpion, an orc and a kobold skeleton.

Vanquished Creatures
  A phantom (D:4)
  An orc priest (D:3)
  An orc wizard (D:3)
  2 adders
  3 worms
  8 orcs (D:3)
  6 endoplasms
  A giant cockroach (D:2)
  4 goblins (D:2)
  6 hobgoblins
  4 kobolds
  3 quokkas
  4 ball pythons
  6 bats
  3 frilled lizards
  3 rats
56 creatures vanquished.

Notes
Turn   | Place    | Note
-------+----------+-------------------------------------------
     0 | D:1      | Schnaeble the Minotaur Monk began the quest for the Orb.
     0 | D:1      | Reached XP level 1. HP: 19/19 MP: 0/0
   157 | D:1      | Reached skill level 4 in Maces & Flails
   163 | D:1      | Found Kafyagy's Book Boutique.
   168 | D:1      | Reached XP level 2. HP: 27/27 MP: 1/1
   384 | D:1      | Found a faded altar of an unknown god.
   671 | D:2      | Reached XP level 3. HP: 34/34 MP: 2/2
  1325 | D:3      | Found a bloodstained altar of Trog.
  1534 | D:3      | Reached skill level 5 in Fighting
  1534 | D:3      | Reached skill level 5 in Maces & Flails
  1534 | D:3      | Reached XP level 4. HP: 27/42 MP: 3/3
  1678 | D:3      | Found a radiant altar of Vehumet.
  1688 | D:3      | Found a shimmering altar of Xom.
  1701 | D:3      | Became a worshipper of Xom of Malicious Giggling
  1843 | D:3      | Reached XP level 5. HP: 44/48 MP: 4/4
  1923 | D:3      | Found a broken altar of Ashenzari.
  1923 | D:3      | XOM: divination: magic mapping
  2063 | D:3      | XOM: silly message
  2156 | D:3      | XOM: cloud trail
  2334 | D:4      | Noticed a phantom
  2349 | D:4      | Killed a phantom
  2350 | D:4      | Reached skill level 6 in Maces & Flails
  2452 | D:4      | XOM: noise
  2464 | D:4      | Gained mutation: You are partially covered in iridescent
                  | scales. (AC +2) [potion of mutation]
  2470 | D:4      | Slain by a scorpion

Illustrated notes

Levels and vault maps discovered:
D:1:      minmay_arrival_diagonal_passages, layout_rooms, serial_shops, shop,
          ebering_ecumenical_altar_hall, hex_large
D:2:      layout_loops_ring
D:3:      layout_basic, amethyst_overflow_temple_binary,
          nicolae_ashenzari_skybound, trog_butcher_becter,
          grunt_decor_resistance
D:4:      layout_basic, dk_yredelemnul_ordeal

Skill      XL: |  1  2  3  4  5 |
---------------+----------------+-----
Maces & Flails | 4 5 6 |  6.3
Fighting       | 4 5 |  5.5
Dodging        | |  3.3
Stealth        | |  0.5

Action                     |  1- 3 |  4- 6 || total
---------------------------+-------+-------++-------
  Melee: Mace              |    75 |    49 ||   124
         Headbutt          |    11 |     8 ||    19
    Use: Potion            |       |     3 ||     3
 Armour: Robe              |    31 |    43 ||    74
  Dodge: Dodged            |    42 |    36 ||    78

Table legend: (Time is in decaauts)
 A = Elapsed time spent in this place.
 B = Non-inter-level travel time spent in this place.
 C = Inter-level travel time spent in this place.
 D = Time resting spent in this place.
 E = Time spent auto-exploring this place.
 F = Levels seen in this place.
 G = Mean time per level.
                   A        B        C        D        E       F      G
               +--------+--------+--------+--------+--------+-----+--------+
         Total |   2489 |   2407 |     82 |      0 |   2049 |   4 |  622.2 |
       Dungeon |   2489 |   2407 |     82 |      0 |   2049 |   4 |  622.2 |
               +--------+--------+--------+--------+--------+-----+--------+

Top non-repeatable levels by time:
     D:3: 1070 daAuts
     D:2: 747 daAuts
     D:1: 475 daAuts
     D:4: 196 daAuts
